 Dungeon Crawl Stone Soup version 0.29.1-15-g9cfb28693d (webtiles) character file.

Game seed: 2071251104345323436

730 hawla the Firebug (level 8, 0/59 HPs)
             Began as a Meteoran Fire Elementalist on Mar 7, 2023.
             Killed from afar by Ijyb (7 damage)
             ... with a bolt of light
             ... on level 5 of the Dungeon.
             The game lasted 00:07:53 (1607 turns).

hawla the Firebug (Meteoran Fire Elementalist)      Turns: 1607, Time: 00:07:55

Health: 0/59       AC:  3    Str:  6 (9)  XL:     8   Next: 24%
Magic:  12/15      EV: 13    Int: 15 (18) God:
Gold:   141        SH:  0    Dex: 14 (16) Spells: 8/15 levels left

rFire   . . .      SeeInvis .   j - +10 war axe "Nykh" {holy, rCorr}
rCold   . . .      Faith    .   (no shield)
rNeg    . . .      Spirit   .   a - +0 robe
rPois   .          Reflect  .   i - +0 helmet
rElec   .          Harm     .   (no cloak)
rCorr   +          Rampage  .   (no gloves)
Will    +....                   (no boots)
Stlth   +.........              (no amulet)
HPRegen 0.19/turn               (no ring)
MPRegen 0.14/turn               (no ring)

@: confused, glowing, studying Polearms
A: sense surroundings 1, otherworldly, glowing, explore regen
a: no special abilities


You were on level 5 of the Dungeon.
You visited 1 branch of the dungeon, and saw 5 of its levels.

You collected 141 gold pieces.

Inventory:

Hand Weapons
 c - a +1 dagger of venom
 j - the +10 war axe "Nykh" (weapon) {holy, rCorr}
   (You found it on level 4 of the Dungeon)

   It has been blessed by the Shining One to cause great damage to the undead
   and demons.
   rCorr:     It protects you from acid and corrosion.
Armour
 a - a +0 robe (worn)
 i - a +0 helmet (worn)
Jewellery
 d - an amulet of faith
 k - a ring of ice
Wands
 h - a wand of flame (22)
Scrolls
 e - a scroll of amnesia {unknown}
 f - 2 scrolls of enchant weapon {unknown}
 l - a scroll of blinking
 m - a scroll of poison {unknown}
 n - a scroll of identify {unknown}
 o - a scroll of teleportation
Potions
 b - a potion of magic
 p - 3 potions of curing {unknown}
 q - a potion of flight {unknown}


   Skills:
 + Level 1.5 Fighting
 + Level 3.8 Short Blades
 + Level 4.0 Axes
 + Level 3.1 Dodging
 - Level 1.4 Stealth
 + Level 4.1 Spellcasting
 + Level 4.8 Conjurations
 + Level 5.4 Fire Magic


You had 8 spell levels left.
You knew the following spells:

 Your Spells              Type           Power      Damage    Failure   Level
a - Foxfire               Conj/Fire      72%        2x1d7     2%          1
b - Scorch                Fire           38%        2d7       3%          2
c - Flame Wave            Conj/Fire      18%        2d7       22%         4

Your spell library contained the following spells:

 Spells                   Type           Power      Damage    Failure   Level
 Conjure Flame            Conj/Fire      18%        6-21      6%          3
 Inner Flame              Hex/Fire       11%        N/A       17%         3


Dungeon Overview and Level Annotations

Branches:
Dungeon (5/15) Zot: 1369
 Temple: D:4-7

Altars:
Nemelex Xobeh
Trog
Uskayaw
Wu Jian
The Shining One

Annotations:
D:5 Ijyb


Innate Abilities, Weirdness & Mutations

You passively map a small area around you.
You are easily found by Zot.
You glow in the dark.
You regain HP and MP as you explore.


Message History

Ijyb zaps a wand.
The bolt of light misses you.
Casting: Scorch (safe; 2% risk of failure)
Confirm with . or Enter, or press ? or * to list all spells.
You conjure some foxfire!
Ijyb zaps a wand.
The bolt of light hits you!
Casting: Foxfire (safe; 1% risk of failure)
Confirm with . or Enter, or press ? or * to list all spells.
You conjure some foxfire!
The foxfire hits Ijyb but does no damage. x2
Casting: Foxfire (safe; 1% risk of failure)
Confirm with . or Enter, or press ? or * to list all spells.
You conjure some foxfire!
The foxfire hits Ijyb.
Ijyb is moderately wounded.
The foxfire hits Ijyb but does no damage.
Ijyb is moderately wounded.
Casting: Foxfire (safe; 1% risk of failure)
Confirm with . or Enter, or press ? or * to list all spells.
You can't see any susceptible monsters within range! (Use Z to cast anyway.)
The foxfire hits Ijyb but does no damage.
Ijyb is moderately wounded.
Ijyb zaps a wand.
The bolt of light hits your foxfire!!
Your foxfire is blinded.
The bolt of light hits you!
You are confused.
Ijyb zaps a wand.
The bolt of light misses your foxfire. The bolt of light hits you!
You are more confused.
* * * LOW HITPOINT WARNING * * *
You're too confused to cast spells.
Ijyb zaps a wand.
The bolt of light hits you!
You are more confused.
* * * LOW HITPOINT WARNING * * *
Unknown command.
It was a potion of degeneration.
There was something very wrong with that liquid.
You feel weakened.
You feel dopey.
You feel clumsy.
Your foxfire is no longer blind.
The foxfire hits Ijyb.
Ijyb is heavily wounded.
Ijyb zaps a wand.
The bolt of light hits you!
You die...

, *, ,, ##+## ,
##...## * , * ,
##!....## * *
##)......## * *
, #....g....# ,
* , ,
+.........+ , ,,
* #....ยง@...# *
* ##.......##
##.....## *,
##...## * ,
##'## *
#.#########
####..........,
#.....#######.,*
#.#...## *


You could see Ijyb.

Vanquished Creatures
  A phantom (D:4)
  Blork the orc (D:5)
  A necrophage (D:5)
  A bullfrog (D:5)
  A scorpion (D:4)
  3 howler monkeys (D:3)
  3 hounds
  A jelly (D:5)
  2 orc wizards (D:5)
  3 gnolls
  2 adders (D:3)
  A shadow imp (D:5)
  An ufetubus (D:5)
  15 orcs
  2 ball pythons
  4 endoplasms
  2 giant cockroaches (D:4)
  2 goblins (D:1)
  3 hobgoblins (D:4)
  8 jackals (D:3)
  7 kobolds
  A frilled lizard (D:1)
65 creatures vanquished.

Vanquished Creatures (collateral kills)
  A foxfire (D:3)
1 creature vanquished.

Vanquished Creatures (others)
  85 foxfires
85 creatures vanquished.

Grand Total: 151 creatures vanquished

Notes
Turn   | Place    | Note
-------+----------+-------------------------------------------
     0 | D:1      | hawla the Meteoran Fire Elementalist began the quest for
                  | the Orb.
     0 | D:1      | Reached XP level 1. HP: 14/14 MP: 5/5
    60 | D:2      | Reached skill level 4 in Fire Magic
    60 | D:2      | Reached XP level 2. HP: 13/20 MP: 3/6
    63 | D:2      | Learned a level 2 spell: Scorch
   129 | D:3      | Reached XP level 3. HP: 21/26 MP: 4/8
   148 | D:4      | Noticed a phantom
   174 | D:3      | Reached XP level 4. HP: 16/33 MP: 0/10
   179 | D:3      | Learned a level 4 spell: Flame Wave
   213 | D:4      | Noticed a scorpion
   218 | D:4      | Killed a scorpion
   219 | D:4      | Reached XP level 5. HP: 38/38 MP: 3/11
   297 | D:3      | Found an ornate altar of the Wu Jian Council.
   413 | D:3      | Reached XP level 6. HP: 45/45 MP: 3/12
   414 | D:3      | Reached skill level 1 in Short Blades
   673 | D:4      | Found a hide-covered altar of Uskayaw.
   675 | D:4      | Found a glowing golden altar of the Shining One.
   676 | D:4      | Found a sparkling altar of Nemelex Xobeh.
   677 | D:4      | Found a bloodstained altar of Trog.
   700 | D:4      | Identified the +10 war axe "Nykh" {holy, rCorr}
   720 | D:4      | Reached XP level 7. HP: 44/50 MP: 13/13
  1040 | D:4      | Reached skill level 1 in Axes
  1137 | D:4      | Reached skill level 5 in Fire Magic
  1246 | D:5      | Entered Level 5 of the Dungeon
  1454 | D:5      | Reached skill level 1 in Fighting
  1454 | D:5      | Reached XP level 8. HP: 51/59 MP: 14/14
  1483 | D:5      | Identified the +5 ring mail of the Furrier {MP+9 Str+2
                  | Int+4}
  1576 | D:5      | Noticed Blork the orc
  1585 | D:5      | Killed Blork the orc
  1599 | D:5      | Noticed Ijyb
  1607 | D:5      | Killed from afar by Ijyb

Illustrated notes

Levels and vault maps discovered:
D:1:      matt_arrival_grand_opening, layout_rooms,
          shapermc_ecumenical_altar_acropolis
D:2:      layout_loops_ring
D:3:      lemuel_castle_with_subvaults [lemuel_castle_interior_carwin_3],
          layout_loops_ring, nicolae_wu_jian_immortal_techniques
D:4:      layout_loops_ring, mainiacjoe_overflow_alcove_3, minmay_manual_moon
D:5:      layout_loops_corners, minmay_temple_entry_trees,
          hangedman_decor_clover_reticule, uniq_ijyb, uniq_blork_the_orc

Skill      XL: |  1  2  3  4  5  6  7  8 |
---------------+-------------------------+-----
Fire Magic     | 4 5 |  5.4
Spellcasting   | 3 4 |  4.1
Conjurations   | 3 4 |  4.8
Short Blades   | 3 |  3.8
Axes           | 3 4 |  4.0
Dodging        | 3 |  3.1
Fighting       | 1 |  1.5
Stealth        | |  1.4

Action                   |  1- 3 |  4- 6 |  7- 9 || total
-------------------------+-------+-------+-------++-------
Melee: Unarmed           |     7 |       |       ||     7
       Dagger            |       |    18 |       ||    18
       War axe           |       |     3 |    47 ||    50
       Punch             |       |     1 |       ||     1
 Cast: Foxfire           |    20 |    23 |     7 ||    50
       Scorch            |     1 |    19 |     8 ||    28
       Flame Wave        |       |       |     1 ||     1
  Use: Scroll            |     1 |     1 |       ||     2
       Potion            |       |       |     1 ||     1
 Stab: Sleeping          |       |       |     1 ||     1
Armor: Robe              |     1 |     5 |    20 ||    26
Dodge: Dodged            |    14 |    32 |    25 ||    71
